 Dungeon Crawl Stone Soup version 0.27.1-37-g7b29ead8ac (webtiles) character file.

Game seed: 3188834721690204922

20 AarnesTheHuman the Changer (level 2, -2/18 HPs)
             Began as an Octopode Transmuter on Sept 4, 2023.
             Succumbed to an adder's poison
             ... on level 2 of the Dungeon.
             The game lasted 00:01:43 (945 turns).

AarnesTheHuman the Changer (Octopode Transmuter)     Turns: 945, Time: 00:01:44

Health: -2/18      AC:  1    Str:  9    XL:     2   Next: 79%
Magic:  4/5        EV: 13    Int: 15    God:
Gold:   35         SH:  0    Dex: 12    Spells: 2/5 levels left

rFire    . . .     SeeInvis .   a - +1 dagger (drain)
rCold    + . .     Faith    .   (no shield)
rNeg     . . .     Spirit   .   (helmet currently unavailable)
rPois    .         Reflect  .   (no amulet)
rElec    .         Harm     .   b - ring of protection from cold
rCorr    .         Rampage  .   j - ring of wizardry
Will     .....                  (no ring)
Stlth    +++.......             (no ring)
HPRegen  0.06/turn              (no ring)
MPRegen  0.09/turn              (no ring)
                                (no ring)
                                (no ring)

@: lethally poisoned (-2 -> -16), appendages, hasted, very quick
A: tentacle spike 3, almost no armour, amphibious, 8 rings, camouflage 1,
gelatinous body 1, (nimble swimmer 1), tentacles
a: End Transformation


You were on level 2 of the Dungeon.
One of your tentacles had grown a beastly spike.
You visited 1 branch of the dungeon, and saw 2 of its levels.

You collected 35 gold pieces.

Inventory:

Hand Weapons
 a - a +1 dagger of draining (weapon)
 e - a +0 dagger
Missiles
 h - 13 stones
Jewellery
 b - a ring of protection from cold (left tentacle)
 j - a ring of wizardry (right tentacle)
 o - a ring of flight
Scrolls
 c - a scroll of fog {unknown}
 d - a scroll of noise {unknown}
 f - a scroll of vulnerability {unknown}
 g - a scroll of acquirement {unknown}
 i - 2 scrolls of teleportation {unknown}
 l - a scroll of silence {unknown}
Potions
 m - a potion of attraction {unknown}
 n - a potion of ambrosia {unknown}


   Skills:
 - Level 1.0 Fighting
 - Level 2.0 Dodging
 - Level 1.0 Stealth
 - Level 3.0 Unarmed Combat
 - Level 2.0 Spellcasting
 + Level 3.1 Transmutations


You had 2 spell levels left.
You knew the following spells:

 Your Spells              Type           Power      Damage    Failure   Level
a - Beastly Appendage     Tmut           20%        N/A       2%          1
b - Wereblood             Tmut           10%        N/A       4%          2

Your spell library contained the following spells:

 Spells                   Type           Power      Damage    Failure   Level
 Spider Form              Tmut/Pois      3%         N/A       14%         3
 Ice Form                 Ice/Tmut       6%         N/A       41%         4


Dungeon Overview and Level Annotations

Branches:
Dungeon (2/15)

Altars:

Shops:
D:1 [

Annotations:
D:1 exclusion: gnoll


Innate Abilities, Weirdness & Mutations

One of your tentacles has grown a beastly spike.
You cannot wear most types of armour.
You are amphibious.
You can wear up to eight rings at the same time.
Your skin changes colour to match your surroundings (Stealth+).
Your rubbery body absorbs attacks. (AC +1, EV +1)
((You are camouflaged near water. (Stealth+)))
You have tentacles for arms and can constrict up to eight enemies at once.


Message History

You hit the ball python. You drain the ball python.
You kill the ball python!
No target in view!
You see here a frilled lizard corpse.
n - a smoky blue potion
o - a ring of flight You see here a +0 helmet.
j - a ring of wizardry (right tentacle)
Okay, then.
An adder comes into view.
The adder hisses angrily.
Casting: Wereblood (safe; 4% risk of failure)
Confirm with . or Enter, or press ? or * to list all spells.
One of your tentacles grows a vicious spike.
You aren't carrying any items that you can evoke.
Unknown command.
Okay, then.
Okay, then.
Unknown command.
The adder bites you.
You are poisoned.
The adder poisons you!
You barely miss the adder. Your grab misses the adder.
You feel sick. The adder bites you.
* * * LOW HITPOINT WARNING * * *
You miss the adder. Your grab misses the adder.
You pierce the adder.
The adder is moderately wounded.
You feel sick. The adder barely misses you.
You barely miss the adder. Your grab misses the adder.
Your tentacle spike misses the adder.
Your squeeze misses the adder.
The adder is moderately wounded.
You feel sick. The adder bites you.
* * * LOW HITPOINT WARNING * * *
You are lethally poisoned!
The adder poisons you! The adder bites you.
* * * LOW HITPOINT WARNING * * *
You are more poisoned.
The adder poisons you!
It was a potion of haste.
You feel yourself speed up.
You die...

... ##.##.. ..# #..###.
.. #)## #. #. #.# #.
#.###.# ##. ## #.....#
#.. ######.########..###
#.. #......#.....##..#
#.# .......@......##.###
#.#
........S..........###..
................#.......
.........[.............#
..................<)....
......................).
........................
........................
.....##........†.......


You could see an adder.

Vanquished Creatures
  A dart slug (D:2)
  2 endoplasms
  3 hobgoblins
  2 kobolds
  A quokka (D:1)
  3 ball pythons
  2 bats (D:1)
  A frilled lizard (D:2)
  2 goblins (D:1)
17 creatures vanquished.

Vanquished Creatures (others)
  A kobold (D:1)
1 creature vanquished.

Grand Total: 18 creatures vanquished

Notes
Turn   | Place    | Note
-------+----------+-------------------------------------------
     0 | D:1      | AarnesTheHuman the Octopode Transmuter began the quest for
                  | the Orb.
     0 | D:1      | Reached XP level 1. HP: 13/13 MP: 3/3
    36 | D:1      | Reached skill level 1 in Stealth
   481 | D:1      | Reached XP level 2. HP: 18/18 MP: 3/5
   679 | D:1      | Found Ygefyr's Armour Shoppe.
   867 | D:2      | Learned a level 2 spell: Wereblood
   945 | D:2      | Succumbed to an adder's poison

Illustrated notes

Levels and vault maps discovered:
D:1:      minmay_arrival_hallway, layout_loops_ring, serial_shops,
          nicolae_shop_trees, lemuel_old_faithful
D:2:      layout_rooms, chequers_serial_rivers_marsh,
          minmay_fractal_squares_gapless_5, uniq_crazy_yiuf_cottage

Skill      XL: |  1  2 |
---------------+-------+-----
Stealth        | 1 |  1.0
Transmutations | 3 |  3.1
Fighting       | |  1.0
Dodging        | |  2.0
Unarmed Combat | |  3.0
Spellcasting   | |  2.0

Action                   || total
-------------------------++-------
Melee: Unarmed           ||    12
       Constrict         ||     8
       Dagger            ||    23
       Tentacles         ||     6
       Kick              ||     3
 Cast: Beastly Appendage ||     2
  Use: Potion            ||     1
 Stab: Sleeping          ||     2
Armor: Skin              ||     5
Dodge: Dodged            ||    29
